 Dungeon Crawl Stone Soup version 0.23.2 (webtiles) character file.

Game seed: 7476044981791799089

28 Kairos the Sneak (level 2, -1/13 HPs)
             Began as a Spriggan Enchanter on Apr 8, 2019.
             Slain by a goblin
             ... wielding a +0 club
             ... led by Robin
              (5 damage)
             ... on level 2 of the Dungeon.
             The game lasted 00:01:25 (1931 turns).

Kairos the Sneak (Spriggan Enchanter)               Turns: 1931, Time: 00:01:25

Health: -1/13      AC:  2    Str:  4    XL:     2   Next: 96%
Magic:  7/7        EV: 18    Int: 16    God:
Gold:   57         SH:  0    Dex: 16    Spells: 6/7 levels left

rFire    . . .     SeeInvis +   a - +1 dagger
rCold    . . .     Gourm    .   (shield restricted)
rNeg     . . .     Faith    .   b - +0 robe
rPois    .         Spirit   .   (helmet restricted)
rElec    .         Reflect  .   (no cloak)
rCorr    .         Harm     .   (gloves unavailable)
MR       .....                  (boots unavailable)
Stlth    +++.......             (no amulet)
HPRegen  0.04/turn              (no ring)
MPRegen  0.10/turn              (no ring)

@: very quick
A: very small, unfitting armour, see invisible, herbivore, speed 3, slow
metabolism 2
a: no special abilities


You were on level 2 of the Dungeon.
You were not hungry.

You visited 1 branch of the dungeon, and saw 2 of its levels.

You collected 57 gold pieces.

Inventory:

Hand Weapons
 a - a +1 dagger (weapon)
Armour
 b - a +0 robe (worn)
Scrolls
 e - 2 scrolls of fear
 f - a scroll of teleportation
 g - a scroll of immolation {unknown}
 k - a scroll of enchant weapon {unknown}
 m - a scroll of blinking {unknown}
 n - 2 scrolls of random uselessness {unknown}
Potions
 c - 2 potions of lignification
 h - a potion of haste
 j - a potion of magic
 l - a potion of invisibility
Comestibles
 d - a ration


   Skills:
 + Level 0.1 Fighting
 + Level 1.2 Short Blades
 + Level 3.1 Dodging
 + Level 5.2 Stealth
 + Level 3.0 Spellcasting
 + Level 4.2 Hexes


You had 6 spell levels left.
You knew the following spells:

 Your Spells              Type           Power        Failure   Level  Hunger
a - Corona                Hex            ###....      3%          1    #......

Your spell library contained the following spells:

 Spells                   Type           Power        Failure   Level  Hunger
 Confuse                  Hex            ###.....     10%         3    ###....
 Tukima's Dance           Hex            ###.....     10%         3    ###....
 Ensorcelled Hibernation  Hex/Ice        #.....       12%         2    ##.....
 Dazzling Spray           Conj/Hex       #.....       24%         3    ###....


Dungeon Overview and Level Annotations

Branches:
Dungeon (2/15)

Altars:
Fedhas

Annotations:
D:2 Robin


Innate Abilities, Weirdness & Mutations

You are very small and have problems with some larger weapons.
You are too small for most types of armour.
You have supernaturally acute eyesight. (SInv)
You are a herbivore.
You cover ground extremely quickly.
You need to consume almost no food.


Message History

You are too injured to fight recklessly!
You are too injured to fight recklessly!
You are too injured to fight recklessly!
You are too injured to fight recklessly!
You are too injured to fight recklessly!
You are too injured to fight recklessly!
You are too injured to fight recklessly!
You are too injured to fight recklessly!
You are too injured to fight recklessly!
You are too injured to fight recklessly!
You are too injured to fight recklessly!
You are too injured to fight recklessly!
You are too injured to fight recklessly!
You are too injured to fight recklessly!
You are too injured to fight recklessly!
Unknown command.
You closely miss the goblin. The goblin hits you with a +0 club.
The goblin completely misses you.
You barely miss the goblin. The goblin hits you with a +0 club.
You die...

####.# ... # ### .#
##. .# ... #.# .#.#
#.####.#.#
####......#.# .......
..#.#######.# ####.##
#.#..[.g@ggg#
###...###.#.#########
..........#.#
###.........########
.....#.##..........##
######.##.............
#.####.######.##. #.#
#.......... .......#
########. .


You could see Robin and 3 goblins.

Vanquished Creatures
  A dart slug (D:1)
  2 giant cockroaches (D:1)
  6 goblins
  3 hobgoblins
  A ball python (D:1)
  A bat (D:1)
  6 kobolds
  4 rats
24 creatures vanquished.

Notes
Turn   | Place    | Note
-------+----------+-------------------------------------------
     0 | D:1      | Kairos the Spriggan Enchanter began the quest for the Orb.
     0 | D:1      | Reached XP level 1. HP: 9/9 MP: 5/5
   827 | D:1      | Reached XP level 2. HP: 8/13 MP: 7/7
  1296 | D:1      | Reached skill level 5 in Stealth
  1495 | D:2      | Found a blossoming altar of Fedhas.
  1928 | D:2      | Noticed Robin
  1931 | D:2      | Slain by a goblin

Skill      XL: |  1  2 |
---------------+-------+-----
Spellcasting   | 3 |  3.0
Hexes          | 4 |  4.2
Stealth        | 5 |  5.2
Fighting       | |  0.1
Short Blades   | |  1.2
Dodging        | |  3.1

Action                   || total
-------------------------++-------
Melee: Dagger            ||   104
  Use: Scroll            ||     6
 Stab: Sleeping          ||     5
Armor: Robe              ||     7
Dodge: Dodged            ||    62
